Match 28505443
Unlisted

Match 28505443
End
Selects Airborne Battlegroup
Selects Airborne Battlegroup
Selects Pathfinders
Pathfinder Squad
Pathfinder Squad
Pathfinder Squad
Engineer Squad
Pathfinder Squad
Construct Weapon Support Center
Construct Medical Station
Selects Paratrooper Squad Paradrop
Munitions Surplus
M3 Armored Personnel Carrier
Engineer Squad
Selects Anti-tank Gun Team Paradrop
Anti-tank Gun Team Paradrop
Anti-tank Gun Team Paradrop
Construct Tank Depot
Selects Recon Loiter
Selects Supply Drop
Supply Drop
M4(105) Sherman Bulldozer
Engineer Squad
Selects Dual P-47 Rocket Strike
Paratrooper Squad Paradrop
Advanced Logistics
Paratrooper Squad Paradrop
Recon Loiter
Supply Drop
Dual P-47 Rocket Strike
M18 Hellcat Tank Destroyer
Survival Training
Recon Loiter
Supply Drop
M18 Hellcat Tank Destroyer
Recon Loiter
Supply Drop
Dual P-47 Rocket Strike
Recon Loiter
Supply Drop
实力不足只能当老六了
ashilrye
HulkSMASH
Ruby
0
0

Comments sign in to comment!

No comments posted yet!